 Dungeon Crawl Stone Soup version 0.29-a0-378-gc08b2e8bf8 (webtiles) character file.

Game seed: 5257668552125328959

73 Bruhh the Slasher (level 4, 0/35 HPs)
             Began as a Merfolk Monk on May 5, 2022.
             Slain by an ice beast (10 damage)
             ... on level 3 of the Dungeon.
             The game lasted 00:03:39 (1652 turns).

Bruhh the Slasher (Merfolk Monk)                    Turns: 1652, Time: 00:03:40

Health: 0/35       AC:  2    Str: 11    XL:     4   Next: 27%
Magic:  4/4        EV: 14    Int:  9    God:
Gold:   79         SH:  0    Dex: 18    Spells: 3/3 levels left

rFire   . . .      SeeInvis .   a - +0 falchion
rCold   . . .      Faith    .   (no shield)
rNeg    . . .      Spirit   .   b - +0 robe
rPois   .          Reflect  .   (no helmet)
rElec   .          Harm     .   (no cloak)
rCorr   .          Rampage  .   (no gloves)
Will    .....                   (no boots)
Stlth   ++........              d - amulet of regeneration
HPRegen 0.91/turn               (no ring)
MPRegen 0.09/turn               (no ring)

@: brilliant, hasted, very quick
A: (nimble swimmer 2), mertail
a: no special abilities


You were on level 3 of the Dungeon.
You visited 1 branch of the dungeon, and saw 3 of its levels.

You collected 79 gold pieces.

Inventory:

Hand Weapons
 a - a +0 falchion (weapon)
 n - a +2 hand axe of electrocution
Armour
 b - a +0 robe (worn)
Jewellery
 d - an amulet of regeneration (around neck)
 e - a ring of protection from fire
 g - a +4 ring of protection
 k - a ring of fire
 q - a +6 ring of intelligence
Scrolls
 f - a scroll of enchant weapon {unknown}
 i - a scroll of poison {unknown}
 o - a scroll of teleportation {unknown}
Potions
 c - 2 potions of ambrosia
 h - a potion of haste
 j - a potion of brilliance
 l - a potion of might {unknown}
 m - a potion of invisibility {unknown}
 p - a potion of curing {unknown}


   Skills:
 - Level 3.2 Fighting
 + Level 6.0 Long Blades
 - Level 4.0 Dodging
 - Level 2.1 Stealth


You had 3 spell levels left.
You didn't know any spells.
Your spell library was empty.

Dungeon Overview and Level Annotations

Branches:
Dungeon (3/15)

Altars:

Shops:
D:1 *


Innate Abilities, Weirdness & Mutations

((You are very nimble when in or above water. (Stealth+, EV+, Speed+++)))
Your lower body shifts to a powerful aquatic tail in water.


Message History

You barely miss the bat. The bat hits you. The bat barely misses you.
The bat misses you.
You hit the bat but do no damage. The bat misses you.
The bat closely misses you. The bat closely misses you.
You slash the bat!
You kill the bat!
No target in view!
No target in view!
No target in view!
No target in view!
No target in view!
You see here a bat corpse.
Found an escape hatch in the floor.
There is an escape hatch in the floor here.
A rat comes into view.
Found a faded altar of an unknown god.
A rat is nearby!
A rat is nearby!
An ice beast comes into view.
The rat completely misses you.
You completely miss the rat. The rat barely misses you.
You hit the rat.
You kill the rat!
You hit the ice beast.
The ice beast is moderately wounded.
The ice beast hits you. The ice beast freezes you!
You barely miss the ice beast.
The ice beast is moderately wounded.
The ice beast hits you. The ice beast freezes you!
You are too injured to fight recklessly!
You are too injured to fight recklessly!
It was a potion of brilliance.
You feel clever all of a sudden. The ice beast closely misses you.
It was a potion of haste.
You feel yourself speed up. The ice beast hits you.
* * * LOW HITPOINT WARNING * * *
The ice beast freezes you!
You die...

############ #####
#......†.... ....####
#####.#####. ###.......
#.#.....
.......⌠.##.#####.#.###|
#.......##......#..# ##
#..._.⌠.########.###
#...Y..# #># #⌠...@.#
#.# ###!##.########.#
#.............#
###############


You could see an ice beast.

Vanquished Creatures
  2 dart slugs
  5 orcs (D:2)
  7 endoplasms
  4 giant cockroaches
  4 goblins
  2 hobgoblins (D:1)
  8 jackals (D:2)
  2 kobolds (D:2)
  4 quokkas
  4 ball pythons
  4 bats
  7 frilled lizards
  5 rats
58 creatures vanquished.

Vanquished Creatures (others)
  3 plants (D:3)
3 creatures vanquished.

Grand Total: 61 creatures vanquished

Notes
Turn   | Place    | Note
-------+----------+-------------------------------------------
     0 | D:1      | Bruhh the Merfolk Monk began the quest for the Orb.
     0 | D:1      | Reached XP level 1. HP: 18/18 MP: 1/1
    68 | D:1      | Reached skill level 4 in Long Blades
    85 | D:1      | Reached XP level 2. HP: 24/24 MP: 2/2
   313 | D:1      | Found Vimuvven's Assorted Antiques.
   435 | D:1      | Reached XP level 3. HP: 29/29 MP: 3/3
   439 | D:1      | Reached skill level 5 in Long Blades
   991 | D:2      | Reached XP level 4. HP: 35/35 MP: 4/4
  1248 | D:2      | Reached skill level 6 in Long Blades
  1643 | D:3      | Found a faded altar of an unknown god.
  1644 | D:3      | Noticed an ice beast
  1652 | D:3      | Slain by an ice beast

Illustrated notes

Levels and vault maps discovered:
D:1:      dpeg_arrival_renting, layout_rooms, serial_shops,
          nicolae_shop_overgrown_old_shop, corner_web_ring, minmay_crystal_room,
          minmay_tetromino_o4
D:2:      layout_loops_corners
D:3:      layout_loops_ring, trog_antimagical, overflow_temple_1_default,
          hellmonk_ecumenical_altar_run_dry, chequers_big_river

Skill      XL: |  1  2  3  4 |
---------------+-------------+-----
Long Blades    | 4 5 6 |  6.0
Fighting       | |  3.2
Dodging        | |  4.0
Stealth        | |  2.1

Action                   |  1- 3 |  4- 6 || total
-------------------------+-------+-------++-------
Melee: Falchion          |   122 |    43 ||   165
       Punch             |     1 |       ||     1
  Use: Potion            |       |     2 ||     2
 Stab: Sleeping          |    10 |     2 ||    12
Armor: Robe              |    20 |     7 ||    27
Dodge: Dodged            |    77 |    31 ||   108

Table legend: (Time is in decaauts)
 A = Elapsed time spent in this place.
 B = Non-inter-level travel time spent in this place.
 C = Inter-level travel time spent in this place.
 D = Time resting spent in this place.
 E = Time spent auto-exploring this place.
 F = Levels seen in this place.
 G = Mean time per level.
                   A        B        C        D        E       F      G
               +--------+--------+--------+--------+--------+-----+--------+
         Total |   1658 |   1591 |     67 |      0 |   1206 |   3 |  552.7 |
       Dungeon |   1658 |   1591 |     67 |      0 |   1206 |   3 |  552.7 |
               +--------+--------+--------+--------+--------+-----+--------+

Top non-repeatable levels by time:
     D:2: 911 daAuts
     D:1: 709 daAuts
     D:3: 36 daAuts
